 Dungeon Crawl Stone Soup version 0.31-a0-167-g1c394c0614 (webtiles) character file.

Game seed: 18264897277091002442

75 qw the Shooter (level 4, -2/39 HPs)
             Began as a Naga Hunter on June 14, 2023.
             Slain by an orc
             ... wielding a +0 whip
              (4 damage)
             ... on level 3 of the Dungeon.
             The game lasted 00:00:28 (1388 turns).

qw the Shooter (Naga Hunter)                        Turns: 1388, Time: 00:00:29

Health: -2/39      AC:  4    Str: 14    XL:     4   Next: 31%
Magic:  4/4        EV: 14    Int:  9    God:
Gold:   110        SH:  0    Dex: 16    Spells: 3/3 levels left

rFire   . . .        Y - +1 shortbow
rCold   . . .        (shield currently unavailable)
rNeg    . . .        c - +0 leather armour
rPois   +            f - +2 hat
rElec   .            (no cloak)
rCorr   .            (no gloves)
SInv    +            (no barding)
Will    .....        (no amulet)
Stlth   ++           b - +5 ring of evasion
HPRegen 0.26/turn    (no ring)
MPRegen 0.09/turn

%: no passive effects
@: very slow
A: AC +1, large, see invisible, deformed body, poison resistance, slowness 2,
spit poison 1, naga tail 1
a: Spit Poison


You were on level 3 of the Dungeon.
You visited 1 branch of the dungeon, and saw 4 of its levels.

You collected 110 gold pieces.


Innate Abilities, Weirdness & Mutations

Your serpentine skin is tough. (AC +1)
You have supernaturally acute eyesight. (SInv)
Armour fits poorly on your strangely shaped body.
Your system is resistant to poisons. (rPois)
You cover ground very slowly.
You can spit poison.
You have a snake-like lower body.


   Skills:
 + Level 2.3 Fighting
 - Level 5.0 Ranged Weapons
 - Level 1.5 Dodging
 - Level 1.5 Stealth


You had 3 spell levels left.
You didn't know any spells.
Your spell library was empty.

Inventory:

Hand Weapons
 Y - a +1 shortbow (weapon)
Armour
 c - a +0 leather armour (worn)
 f - a +2 hat (worn)
Jewellery
 b - a +5 ring of evasion (left hand)
Potions
 d - a potion of attraction {unknown}
 e - a potion of lignification {unknown}

Dungeon Overview and Level Annotations

Branches:
Dungeon (4/15)
 Temple: D:4-7

Altars:


Message History

Press: ? - help, Shift-Dir - straight line, f/p - adder The splash of poison hits the adder but does no damage.
The adder is almost dead.
You feel sick. The adder barely misses you. The orc hits you with a +0 club.
The quokka barely misses you. The worm closely misses you.
The adder barely misses you.
You shoot an arrow. The arrow hits the adder.
You kill the adder!
You feel sick. The quokka misses you. The orc wizard misses you.
The orc barely misses you. The quokka bites you.
You shoot an arrow. The arrow hits the orc wizard!
The orc wizard is heavily wounded.
You feel sick. The orc misses you. The orc wizard barely misses you.
The orc barely misses you. The quokka bites you. The worm misses you.
The orc hits you but does no damage. The orc wizard closely misses you.
The orc completely misses you.
You shoot an arrow.
The arrow closely misses the orc wizard.
You feel sick.
You are no longer poisoned.
The quokka bites you. The orc closely misses you.
The orc wizard hits you with a +0 dagger.
The orc misses you. The worm bites you!
You shoot an arrow. The arrow hits the orc wizard.
The orc wizard is severely wounded.
The quokka bites you. The orc wizard barely misses you.
The orc barely misses you. The quokka closely misses you.
The orc hits you but does no damage.
You shoot an arrow.
The arrow hits the orc wizard but does no damage.
The orc wizard is severely wounded.
The quokka closely misses you. The orc wizard barely misses you.
The orc hits you but does no damage. The orc barely misses you.
The worm misses you.
You shoot an arrow. The arrow hits the orc wizard.
You kill the orc wizard!
You have got your breath back.
The quokka misses you. The orc hits you but does no damage.
The orc hits you with a +0 whip.
You die...

.... . .... ?.
..).. .?. .....
....## ..#.#
......###....#
##.....oo..#.#.
..(..).@o%.....
.######wr.##...
##...# ##...
..... ..## .#
..


You could see a worm, 3 orcs and a quokka.

Vanquished Creatures
  An orc wizard (D:3)
  4 adders
  A dart slug (D:2)
  An orc (D:3)
  4 endoplasms (D:1)
  A giant cockroach (D:2)
  2 goblins (D:1)
  3 hobgoblins
  A kobold (D:2)
  2 quokkas (D:1)
  2 ball pythons (D:2)
  8 bats
  3 frilled lizards
  5 rats
38 creatures vanquished.

Notes
Turn   | Place    | Note
-------+----------+-------------------------------------------
     0 | D:1      | qw the Naga Hunter began the quest for the Orb.
     0 | D:1      | Reached XP level 1. HP: 19/19 MP: 1/1
     0 | D:1      | 0 ||| qw: Version: 0.2-a-29-g1fa15c8
     0 | D:1      | 0 ||| qw: Game counter: 5126
     0 | D:1      | 0 ||| qw: Always use a shield: true
     0 | D:1      | 0 ||| qw: God list: Okawaru
     0 | D:1      | 0 ||| qw: Allow faded altars: false
     0 | D:1      | 0 ||| qw: Do Orc after D:15 true
     0 | D:1      | 0 ||| qw: Do second Lair branch before Depths: true
     0 | D:1      | 0 ||| qw: Lair rune preference: random
     0 | D:1      | 0 ||| qw: Plans: Normal
     0 | D:1      | 0 ||| PLANNING D:1-11
    22 | D:1      | 22 ||| INVOKING Spit Poison.
    34 | D:1      | 34 ||| INVOKING Spit Poison.
    43 | D:1      | 43 ||| INVOKING Spit Poison.
    91 | D:1      | Reached skill level 4 in Ranged Weapons
    91 | D:1      | Reached XP level 2. HP: 26/26 MP: 2/2
   123 | D:1      | 123 ||| INVOKING Spit Poison.
   129 | D:1      | 129 ||| INVOKING Spit Poison.
   163 | D:1      | 163 ||| INVOKING Spit Poison.
   233 | D:1      | 233 ||| INVOKING Spit Poison.
   307 | D:1      | 307 ||| INVOKING Spit Poison.
   310 | D:1      | 310 ||| INVOKING Spit Poison.
   338 | D:1      | 338 ||| INVOKING Spit Poison.
   433 | D:1      | 433 ||| INVOKING Spit Poison.
   440 | D:1      | 440 ||| INVOKING Spit Poison.
   516 | D:1      | 516 ||| INVOKING Spit Poison.
   696 | D:1      | 696 ||| INVOKING Spit Poison.
   727 | D:1      | 727 ||| INVOKING Spit Poison.
   731 | D:1      | 731 ||| UPGRADING to +2 hat.
   736 | D:1      | 736 ||| DROPPING scroll of butterflies.
   780 | D:2      | 780 ||| INVOKING Spit Poison.
   797 | D:2      | 797 ||| INVOKING Spit Poison.
   829 | D:2      | 829 ||| INVOKING Spit Poison.
   830 | D:2      | Reached XP level 3. HP: 32/32 MP: 3/3
   834 | D:2      | 834 ||| INVOKING Spit Poison.
   839 | D:2      | 839 ||| INVOKING Spit Poison.
   897 | D:2      | 897 ||| INVOKING Spit Poison.
  1015 | D:2      | 1015 ||| INVOKING Spit Poison.
  1062 | D:2      | 1062 ||| INVOKING Spit Poison.
  1080 | D:2      | 1080 ||| INVOKING Spit Poison.
  1084 | D:2      | 1084 ||| INVOKING Spit Poison.
  1112 | D:2      | 1112 ||| INVOKING Spit Poison.
  1118 | D:2      | 1118 ||| INVOKING Spit Poison.
  1212 | D:2      | 1212 ||| INVOKING Spit Poison.
  1216 | D:2      | 1216 ||| INVOKING Spit Poison.
  1274 | D:2      | 1274 ||| INVOKING Spit Poison.
  1277 | D:2      | 1277 ||| INVOKING Spit Poison.
  1278 | D:2      | Reached skill level 5 in Ranged Weapons
  1278 | D:2      | Reached XP level 4. HP: 36/39 MP: 4/4
  1354 | D:2      | You fall into a shaft and drop 2 floors!
  1356 | D:4      | 1356 ||| UPGRADING to +5 ring of evasion.
  1357 | D:4      | 1357 ||| READING scroll labelled MEGYST SICSI.
  1358 | D:4      | 1358 ||| READING scroll labelled WEGUREH POOGYH.
  1359 | D:4      | 1359 ||| READING scroll labelled WUREIMI MINO.
  1360 | D:4      | 1360 ||| READING 2 scrolls labelled IVABLA CUPT.
  1361 | D:4      | 1361 ||| DROPPING scroll of immolation.
  1372 | D:3      | 1372 ||| INVOKING Spit Poison.
  1378 | D:3      | 1378 ||| INVOKING Spit Poison.
  1382 | D:3      | 1382 ||| INVOKING Spit Poison.
  1385 | D:3      | HP: 3/39 [worm (7)]
  1388 | D:3      | Slain by an orc

Levels and vault maps discovered:
D:1:      tarquinn_simple_flora_water_a, layout_loops_ring
D:2:      layout_basic, serial_shops, shop, minivault_14,
          kennysheep_generic_room_2
D:3:      layout_rooms, serial_curves, eino_curves_04, eino_curves_02
D:4:      layout_cave_pools, minmay_temple_entry_junction

Skill      XL: |  1  2  3 |
---------------+----------+-----
Ranged Weapons | 4 5 |  5.0
Fighting       | |  2.3
Dodging        | |  1.5
Stealth        | |  1.5

Action                     |  1- 3 |  4- 6 || total
---------------------------+-------+-------++-------
   Fire: Shortbow          |    54 |    15 ||    69
Ability: Spit Poison       |    31 |     3 ||    34
    Use: Scroll            |       |     4 ||     4
 Armour: Leather armour    |     5 |     8 ||    13
  Dodge: Dodged            |    17 |    33 ||    50

Table legend:
 A = Non-vault XP
 B = Vault XP
 C = Vault XP percentage of total XP
 D = Non-vault monster count
 E = Vault monster count
 F = Vault count percentage of total count
                 A         B        C        D         E       F
            +---------+---------+-------+---------+---------+-------
      Total |     143 |       0 |   0.0 |      38 |       0 |   0.0
            +---------+---------+-------+---------+---------+-------
        D:1 |      31 |       0 |   0.0 |      18 |       0 |   0.0
        D:2 |      59 |       0 |   0.0 |      16 |       0 |   0.0
        D:3 |      53 |       0 |   0.0 |       4 |       0 |   0.0
            +---------+---------+-------+---------+---------+-------
